 Dungeon Crawl Stone Soup version 0.31.0-11-ge490571c62 (webtiles) character file.

Game seed: 16179356028070010319

118 Ashen the Sneak (level 5, -3/37 HPs)
             Began as a Gnoll Enchanter on Feb 7, 2024.
             Killed from afar by an orc wizard (6 damage)
             ... with a puff of flame
             ... on level 3 of the Dungeon.
             The game lasted 00:04:00 (2182 turns).

Ashen the Sneak (Gnoll Enchanter)                   Turns: 2182, Time: 00:04:00

Health: -3/37      AC:  3    Str:  8    XL:     5   Next: 2%
Magic:  12/12      EV: 14    Int: 14    God:
Gold:   24         SH:  0    Dex: 14    Spells: 3/14 levels left

rFire   . . .        a - +1 dagger
rCold   . . .        (no shield)
rNeg    . . .        b - +0 robe
rPois   .            (no helmet)
rElec   .            (no cloak)
rCorr   .            (no gloves)
SInv    .            k - +0 pair of boots
Will    .....        (no amulet)
Stlth   +            q - ring of wizardry
HPRegen 0.26/turn    (no ring)
MPRegen 0.13/turn

%: wizardry (x1)
@: confused
A: fangs 1, strong nose, distributed training
a: no special abilities


You were on level 3 of the Dungeon.
You visited 1 branch of the dungeon, and saw 3 of its levels.

You collected 24 gold pieces.

Inventory:

Hand Weapons
 a - a +1 dagger (weapon)
Missiles
 r - 2 poisoned darts (quivered)
Armour
 b - a +0 robe (worn)
 k - a +0 pair of boots (worn)
Jewellery
 q - a ring of wizardry (left hand)
Scrolls
 d - a scroll of enchant armour {unknown}
 e - a scroll of brand weapon {unknown}
 f - a scroll of silence {unknown}
 g - 3 scrolls of amnesia {unknown}
 h - a scroll of poison {unknown}
 l - 2 scrolls of identify {unknown}
Potions
 c - 2 potions of invisibility
 i - a potion of resistance {unknown}
 j - 2 potions of curing {unknown}
 m - a potion of heal wounds {unknown}
 n - a potion of ambrosia {unknown}
 o - 2 potions of attraction {unknown}
 p - a potion of might {unknown}


   Skills:
 + Level 1.4 Fighting
 + Level 2.9 Short Blades
 + Level 1.4 Long Blades
 + Level 1.4 Axes
 + Level 1.4 Maces & Flails
 + Level 1.4 Polearms
 + Level 1.4 Staves
 + Level 1.4 Ranged Weapons
 + Level 1.4 Throwing
 + Level 1.4 Armour
 + Level 4.7 Dodging
 + Level 6.1 Stealth
 + Level 1.4 Shields
 + Level 1.4 Unarmed Combat
 + Level 5.1 Spellcasting
 + Level 1.1 Conjurations
 + Level 5.5 Hexes
 + Level 1.1 Summonings
 + Level 1.1 Necromancy
 + Level 1.1 Translocations
 + Level 1.1 Fire Magic
 + Level 1.1 Ice Magic
 + Level 1.1 Air Magic
 + Level 1.1 Earth Magic
 + Level 1.1 Alchemy
 + Level 1.5 Invocations
 + Level 1.4 Evocations
 + Level 1.2 Shapeshifting


You had 3 spell levels left.
You knew the following spells:

 Your Spells              Type           Power      Damage    Failure   Level
a - Ensorcelled Hibernat  Hex/Ice        24%        N/A       2%          2
b - Confusing Touch       Hex            19%        N/A       2%          3
c - Tukima's Dance        Hex            19%        N/A       2%          3
d - Dazzling Flash        Conj/Hex       24%        N/A       5%          3

Your spell library contained the following spells:

 Spells                   Type           Power      Damage    Failure   Level
 Sandblast                Erth           12%        2d6       4%          1
 Passwall                 Erth           6%         N/A       13%         3
 Stone Arrow              Conj/Erth      12%        3d7       13%         3
 Brom's Barrelling Bould  Conj/Erth      6%         2d3       38%         4


Dungeon Overview and Level Annotations

Branches:
Dungeon (3/15)

Altars:


Innate Abilities, Weirdness & Mutations

You have very sharp teeth.
Your uncanny sense of smell can sniff out nearby items.
Your experience applies equally to all skills.


Message History

The orc wizard gestures at you while chanting.
You resist with some effort.
The orc wizard mumbles some strange words.
The orc wizard flickers and vanishes!
Deactivating autopickup; reactivate with Ctrl-A.
No target in view!
No target in view!
You miss something. You closely miss something. You bite something.
You hear some strange, mumbled words.
A magic dart appears from out of thin air!
The magic dart hits you!
You hit something. Something barely misses you.
You hit something but do no damage. Something hits you.
You hit something. Something hits you.
You hit something. Something hits you.
You hit something but do no damage. Something hits you.
You barely miss something. You hit something but do no damage.
Something hits you.
You hit something.
You hear some strange, mumbled words.
A puff of flame appears from out of thin air!
The puff of flame hits you!
* * * LOW HITPOINT WARNING * * *
You hit something but do no damage. Something hits you.
* * * LOW HITPOINT WARNING * * *
You miss something. Something hits you.
* * * LOW HITPOINT WARNING * * *
You hit something but do no damage. Your bite misses something.
Something hits you.
* * * LOW HITPOINT WARNING * * *
You hit something. You barely miss something.
You hear some strange, mumbled words.
You are confused.
You bump into the rock wall.
You hear some strange, mumbled words.
A puff of flame appears from out of thin air!
The puff of flame hits you.
You die...

.# ..................# ...
..###.#.#.#......#
...###................#
.........#.#.#.#....<.#
.................(..).#
.......#...##..#......##..
.........................#
.....#.#.#...#.#..##.#####
.........#.).)#{@.#..#
...#.#.#o..#.#.#).#.##
..............#.)†..#
.#.#.#.#.#.#(#.#...##
.........h........## #
#.#.......<†.##...#...
.............).........
..........##..<.......#
.....###........##.....


There were no monsters in sight!

Vanquished Creatures
  3 gnolls
  2 adders
  6 dart slugs
  2 orcs
  4 ball pythons
  5 bats
  An endoplasm (D:1)
  2 giant cockroaches (D:1)
  7 goblins
  7 hobgoblins
  3 jackals
  3 kobolds
  3 quokkas
  2 frilled lizards
  4 rats
54 creatures vanquished.

Notes
Turn   | Place    | Note
-------+----------+-------------------------------------------
     0 | D:1      | Ashen the Gnoll Enchanter began the quest for the Orb.
     0 | D:1      | Reached XP level 1. HP: 13/13 MP: 6/6
    97 | D:1      | Reached XP level 2. HP: 19/19 MP: 7/7
   100 | D:1      | Learned a level 2 spell: Ensorcelled Hibernation
   265 | D:1      | Reached skill level 5 in Spellcasting
   265 | D:1      | Reached XP level 3. HP: 25/25 MP: 7/9
   344 | D:1      | Reached skill level 6 in Stealth
   464 | D:1      | Learned a level 3 spell: Confusing Touch
   468 | D:1      | Learned a level 3 spell: Tukima's Dance
   472 | D:1      | Learned a level 3 spell: Dazzling Flash
   628 | D:1      | Reached skill level 1 in Invocations
  1093 | D:2      | Reached skill level 1 in Fighting
  1093 | D:2      | Reached skill level 1 in Long Blades
  1093 | D:2      | Reached skill level 1 in Axes
  1093 | D:2      | Reached skill level 1 in Maces & Flails
  1093 | D:2      | Reached skill level 1 in Polearms
  1093 | D:2      | Reached skill level 1 in Staves
  1093 | D:2      | Reached skill level 1 in Ranged Weapons
  1093 | D:2      | Reached skill level 1 in Throwing
  1093 | D:2      | Reached skill level 1 in Armour
  1093 | D:2      | Reached skill level 1 in Shields
  1093 | D:2      | Reached skill level 1 in Unarmed Combat
  1093 | D:2      | Reached skill level 1 in Evocations
  1744 | D:3      | Reached skill level 1 in Shapeshifting
  1744 | D:3      | Reached XP level 4. HP: 32/32 MP: 8/11
  1829 | D:3      | Reached skill level 1 in Conjurations
  1829 | D:3      | Reached skill level 1 in Summonings
  1829 | D:3      | Reached skill level 1 in Necromancy
  1829 | D:3      | Reached skill level 1 in Translocations
  1829 | D:3      | Reached skill level 1 in Fire Magic
  1829 | D:3      | Reached skill level 1 in Ice Magic
  1829 | D:3      | Reached skill level 1 in Air Magic
  1829 | D:3      | Reached skill level 1 in Earth Magic
  1829 | D:3      | Reached skill level 1 in Alchemy
  2054 | D:2      | Reached XP level 5. HP: 10/37 MP: 5/12
  2182 | D:3      | Killed from afar by an orc wizard

Illustrated notes

Levels and vault maps discovered:
D:1:      ncdulo_watergridlock, layout_loops_ring
D:2:      layout_loops_corners
D:3:      layout_rooms, lemuel_crystal_altar, lemuel_crystal_altar,
          serial_glass, glass_columns_a, glass_columns_a,
          hangedman_decor_riveting

Skill      XL: |  1  2  3  4 |
---------------+-------------+-----
Spellcasting   | 5 |  5.1
Stealth        | 6 |  6.1
Invocations    | 1 |  1.5
Fighting       | 1 |  1.4
Long Blades    | 1 |  1.4
Axes           | 1 |  1.4
Maces & Flails | 1 |  1.4
Polearms       | 1 |  1.4
Staves         | 1 |  1.4
Ranged Weapons | 1 |  1.4
Throwing       | 1 |  1.4
Armour         | 1 |  1.4
Shields        | 1 |  1.4
Unarmed Combat | 1 |  1.4
Evocations     | 1 |  1.4
Shapeshifting  | 1 |  1.2
Conjurations   | 1 |  1.1
Summonings     | 1 |  1.1
Necromancy     | 1 |  1.1
Translocations | 1 |  1.1
Fire Magic     | 1 |  1.1
Ice Magic      | 1 |  1.1
Air Magic      | 1 |  1.1
Earth Magic    | 1 |  1.1
Alchemy        | 1 |  1.1
Short Blades   | |  2.9
Dodging        | |  4.7
Hexes          | |  5.5

Action                     |  1- 3 |  4- 6 || total
---------------------------+-------+-------++-------
  Melee: Dagger            |    86 |    45 ||   131
         Bite              |     9 |     2 ||    11
         Punch             |     1 |     1 ||     2
   Cast: Ensorcelled Hiber |     8 |    14 ||    22
   Stab: Sleeping          |    26 |    10 ||    36
 Armour: Robe              |    18 |    37 ||    55
  Dodge: Dodged            |    42 |    45 ||    87
